 Dungeon Crawl Stone Soup version 0.30-a0-394-g3e4acdb0ae (webtiles) character file.

Game seed: 6026347515517738802

351 Grillzange the Cudgeller (level 6, -1/51 HPs)
             Began as a Hill Orc Fighter on Dec 6, 2022.
             Slain by an orc
             ... wielding a +2 trident of venom
              (3 damage)
             ... on level 4 of the Dungeon.
             The game lasted 00:06:05 (2970 turns).

Grillzange the Cudgeller (Hill Orc Fighter)         Turns: 2970, Time: 00:06:05

Health: -1/51      AC: 10    Str: 21    XL:     6   Next: 61%
Magic:  6/6        EV:  8    Int:  8    God:
Gold:   311        SH:  4    Dex: 10    Spells: 5/5 levels left

rFire   . . .      SeeInvis .    a - +1 war axe
rCold   . . .      Faith    .    c - +0 buckler
rNeg    + . .      Spirit   .    n - +0 chain mail
rPois   .          Reflect  .    d - +0 helmet
rElec   .          Harm     .    (no cloak)
rCorr   .          Rampage  .    (no gloves)
Will    .....                    (no boots)
Stlth   ..........               (no amulet)
HPRegen 0.28/turn                m - ring of positive energy
MPRegen 0.10/turn                (no ring)

@: brilliant, lethally poisoned (-1 -> -6), hasted, very quick
A: no striking features
a: no special abilities


You were on level 4 of the Dungeon.
You visited 1 branch of the dungeon, and saw 6 of its levels.

You collected 311 gold pieces.

Inventory:

Hand Weapons
 a - a +1 war axe (weapon)
Armour
 c - a +0 buckler (worn)
 d - a +0 helmet (worn)
 n - a +0 chain mail (worn)
Jewellery
 b - a ring of wizardry
 m - a ring of positive energy (left hand)
Scrolls
 i - a scroll of enchant weapon
 k - 3 scrolls of identify


   Skills:
 - Level 3.6 Fighting
 - Level 2.6(4.9) Axes
 + Level 5.3(5.5) Maces & Flails
 - Level 3.2 Armour
 + Level 3.2 Dodging
 - Level 3.2 Shields


You had 5 spell levels left.
You didn't know any spells.
Your spell library contained the following spells:

 Spells                   Type           Power      Damage    Failure   Level
 Beastly Appendage        Tmut           0%         N/A       99%         1
 Slow                     Hex            0%         N/A       99%         1
 Wereblood                Tmut           0%         N/A       100%        2
 Confusing Touch          Hex            0%         N/A       100%        3
 Gell's Gravitas          Tloc           0%         N/A       100%        3
 Lesser Beckoning         Tloc           0%         N/A       100%        3
 Spider Form              Tmut/Pois      0%         N/A       100%        3
 Teleport Other           Tloc           0%         N/A       100%        3
 Vampiric Draining        Necr           0%         2d6       100%        3


Dungeon Overview and Level Annotations

Branches:
Dungeon (6/15)
 Temple: D:4-7

Altars:


Message History

You are poisoned.
The orc barely misses you. The orc hits you but does no damage.
It was a potion of brilliance.
You feel clever all of a sudden.
You feel sick. You block the orc's attack.
The orc hits you but does no damage. x2
The orc closely misses you.
It was a potion of haste.
You feel yourself speed up.
You feel sick. The orc hits you but does no damage. x2
You are more poisoned.
The orc hits you but does no damage. The orc barely misses you.
You barely miss the orc.
The orc is severely wounded.
You barely miss the orc. You hit the orc.
You feel sick.
The orc closely misses you. x2; You block the orc's attack.
The orc hits you but does no damage.
You completely miss the orc.
The orc is severely wounded.
You hit the orc. You closely miss the orc.
You feel very sick. The orc hits you with a +0 flail.
The orc hits you but does no damage.
You are more poisoned.
The orc barely misses you. The orc closely misses you.
You slash the orc!
You kill the orc!
You hit the iguana but do no damage. You hit the orc.
You kill the orc!
You hit the orc.
You kill the orc!
You feel very sick. The iguana closely misses you. The orc closely misses you.
You hit the iguana but do no damage.
You feel sick.
You closely miss the iguana.
You feel sick. The iguana closely misses you.
The orc hits you from afar with a +2 trident of venom.
* * * LOW HITPOINT WARNING * * *
You slash the iguana!
The iguana is heavily wounded.
You feel sick. The iguana bites you.
* * * LOW HITPOINT WARNING * * *
The orc hits you from afar with a +2 trident of venom.
You die...

...... #########+######
......
...............#####......
..........................
..........................
..........................
.................)).......
###....#'##)####)########
#!...#.o)@)...)........
#....'..l).)...).......
+....#############'####
#..... .. #..o.. ..#
#..... .# #...o.. #


You could see an iguana and an orc.

Vanquished Creatures
  A bullfrog (D:5)
  A hound (D:6)
  An orc priest (D:4)
  An orc wizard (D:4)
  Natasha (D:2)
  7 gnolls
  2 adders
  2 white imps
  An ufetubus (D:4)
  5 dart slugs
  9 orcs (D:4)
  3 endoplasms
  6 goblins
  3 hobgoblins
  3 jackals (D:3)
  4 quokkas
  3 ball pythons
  3 bats
  5 frilled lizards
  2 kobolds
  10 rats
73 creatures vanquished.

Notes
Turn   | Place    | Note
-------+----------+-------------------------------------------
     0 | D:1      | Grillzange the Hill Orc Fighter began the quest for the
                  | Orb.
     0 | D:1      | Reached XP level 1. HP: 19/19 MP: 1/1
   160 | D:1      | Reached skill level 1 in Maces & Flails
   229 | D:1      | Reached XP level 2. HP: 26/26 MP: 2/2
   338 | D:1      | Reached skill level 2 in Maces & Flails
  1164 | D:2      | Reached XP level 3. HP: 31/31 MP: 3/3
  1299 | D:2      | Reached skill level 3 in Maces & Flails
  1512 | D:2      | Noticed Natasha
  1518 | D:2      | Killed Natasha
  1519 | D:2      | Reached skill level 1 in Dodging
  1519 | D:2      | Reached XP level 4. HP: 28/39 MP: 4/4
  2165 | D:3      | Reached skill level 4 in Maces & Flails
  2165 | D:3      | Reached XP level 5. HP: 39/45 MP: 5/5
  2474 | D:5      | Entered Level 5 of the Dungeon
  2685 | D:5      | Reached XP level 6. HP: 32/51 MP: 6/6
  2696 | D:4      | Reached skill level 5 in Maces & Flails
  2970 | D:4      | HP: 2/51 [iguana (6)]
  2970 | D:4      | Slain by an orc

Illustrated notes

Levels and vault maps discovered:
D:1:      dpeg_arrival_line_fractal, layout_basic
D:2:      layout_basic, grunt_decor_resistance, uniq_natasha
D:3:      layout_basic
D:4:      layout_gridville, kennysheep_little_box,
          minmay_fractal_squares_diagonal_5
D:5:      layout_cave_pools, nicolae_overflow_quartered_altars, serial_shops,
          shop, shop, shop_coins, shop, serial_column_ruins,
          column_ruins_grid_1, column_ruins_corridor_T, column_ruins_open_small,
          column_ruins_corridor_straight, hangedman_decor_diamond_cutter,
          guppyfry_shop_venom
D:6:      layout_loops_cross, minmay_temple_entry_antechambers, serial_shops,
          shop, enter_ossuary_2

Skill      XL: |  1  2  3  4  5  6 |
---------------+-------------------+-----
Maces & Flails | 1 2 3 4 5 |  5.3
Dodging        | 1 2 3 |  3.2
Fighting       | |  3.6
Axes           | |  2.6
Armour         | |  3.2
Shields        | |  3.2

Action                   |  1- 3 |  4- 6 || total
-------------------------+-------+-------++-------
Melee: War axe           |    85 |   134 ||   219
  Use: Potion            |     1 |     7 ||     8
       Scroll            |       |     5 ||     5
Armor: Scale mail        |    46 |     6 ||    52
       Chain mail        |       |    88 ||    88
Dodge: Dodged            |    29 |    83 ||   112
Block: Buckler           |    11 |    33 ||    44

Table legend: (Time is in decaauts)
 A = Elapsed time spent in this place.
 B = Non-inter-level travel time spent in this place.
 C = Inter-level travel time spent in this place.
 D = Time resting spent in this place.
 E = Time spent auto-exploring this place.
 F = Levels seen in this place.
 G = Mean time per level.
                   A        B        C        D        E       F      G
               +--------+--------+--------+--------+--------+-----+--------+
         Total |   3051 |   2815 |    236 |    122 |   2037 |   6 |  508.5 |
       Dungeon |   3051 |   2815 |    236 |    122 |   2037 |   6 |  508.5 |
               +--------+--------+--------+--------+--------+-----+--------+

Top non-repeatable levels by time:
     D:1: 1002 daAuts
     D:2: 757 daAuts
     D:3: 660 daAuts
     D:4: 403 daAuts
     D:6: 210 daAuts
     D:5: 16 daAuts
